 Dungeon Crawl Stone Soup version 0.27.1-15-g792fb953b9 (webtiles) character file.

Game seed: 18397009117016909035

186 Doot the Stinger (level 5, -2/32 HPs)
             Began as an Octopode Venom Mage on Nov 19, 2021.
             Slain by a wyvern (3 damage)
             ... on level 7 of the Dungeon.
             The game lasted 00:08:10 (5129 turns).

Doot the Stinger (Octopode Venom Mage)              Turns: 5129, Time: 00:08:10

Health: -2/32      AC:  1    Str:  7    XL:     5   Next: 66%
Magic:  2/9        EV: 13    Int: 25    God:
Gold:   192        SH:  0    Dex:  8    Spells: 3/10 levels left

rFire    . . .     SeeInvis +   q - +0 dagger (speed)
rCold    . . .     Faith    .   (no shield)
rNeg     + + .     Spirit   .   (helmet restricted)
rPois    .         Reflect  .   (no amulet)
rElec    .         Harm     .   e - +6 ring of intelligence
rCorr    .         Rampage  .   f - ring of see invisible
Will     .....                  p - ring of positive energy
Stlth    +++.......             u - ring of positive energy
HPRegen  0.10/turn              (no ring)
MPRegen  0.11/turn              (no ring)
                                (no ring)
                                (no ring)

@: no status effects
A: almost no armour, amphibious, 8 rings, camouflage 1, gelatinous body 1,
(nimble swimmer 1), tentacles, antennae 1, clumsy 2
a: no special abilities


You were on level 7 of the Dungeon.
You visited 1 branch of the dungeon, and saw 6 of its levels.

You collected 192 gold pieces.

Inventory:

Hand Weapons
 a - a +0 dagger
 q - a +0 dagger of speed (weapon)
Armour
 g - a +0 kite shield
Jewellery
 e - a +6 ring of intelligence (left tentacle)
 f - a ring of see invisible (right tentacle)
 p - a ring of positive energy (on tentacle)
 u - a ring of positive energy (on tentacle)
Wands
 w - a wand of digging (7)
Scrolls
 c - 3 scrolls of identify {unknown}
 d - a scroll of brand weapon {unknown}
 i - 2 scrolls of amnesia {unknown}
 k - a scroll of fog {unknown}
 l - a scroll of enchant armour {unknown}
 m - a scroll of vulnerability {unknown}
 r - 2 scrolls of teleportation {unknown}
 t - a scroll of noise {unknown}
Potions
 b - 2 potions of curing {unknown}
 h - a potion of resistance {unknown}
 j - a potion of ambrosia {unknown}
 n - 2 potions of attraction {unknown}
 o - a potion of mutation
 s - a potion of berserk rage {unknown}
 v - 2 potions of heal wounds {unknown}


   Skills:
 + Level 0.3 Fighting
 + Level 2.2 Dodging
 + Level 3.1 Stealth
 + Level 3.0 Spellcasting
 + Level 3.0 Transmutations
 + Level 5.2 Poison Magic


You had 3 spell levels left.
You knew the following spells:

 Your Spells              Type           Power      Damage    Failure   Level
a - Sting                 Tmut/Pois      96%        1d7       1%          1
b - Olgreb's Toxic Radia  Pois           30%        N/A       12%         4
c - Searing Ray           Conj           6%         3d3       16%         2

Your spell library contained the following spells:

 Spells                   Type           Power      Damage    Failure   Level
 Poisonous Vapours        Pois/Air       32%        N/A       5%          2
 Magic Dart               Conj           12%        1d3       10%         1
 Mephitic Cloud           Conj/Pois/Air  12%        N/A       14%         3
 Fulminant Prism          Conj/Hex       1%         3d6       69%         4


Dungeon Overview and Level Annotations

Branches:
Dungeon (5/15)
 Temple: D:4-7

Altars:
Ashenzari
Hepliaklqana


Innate Abilities, Weirdness & Mutations

You cannot wear most types of armour.
You are amphibious.
You can wear up to eight rings at the same time.
Your skin changes colour to match your surroundings (Stealth+).
Your rubbery body absorbs attacks. (AC +1, EV +1)
((You are camouflaged near water. (Stealth+)))
You have tentacles for arms and can constrict up to eight enemies at once.
You have a pair of small antennae on your head.
You are very clumsy. (Dex -4)


Message History

A phantom is nearby!
Found 10 gold pieces.
You see here 10 gold pieces.
You fall into a shaft and drop 2 floors!
The shaft crumbles and collapses.
Found a glass wand, 3 gold pieces and a scroll labelled XUJIHO ET DAO.
Unknown command.
w - a wand of digging (7)
c - 3 scrolls labelled XUJIHO ET DAO (gained 1)
You now have 192 gold pieces (gained 3).
Found a scroll labelled XUJIHO ET DAO.
A wyvern comes into view.
A wyvern is nearby!
Casting: Sting (safe; 1% risk of failure)
Confirm with . or Enter, or press ? or * to list all spells.
The spell is quite dangerous to cast (12% risk of failure)!
Continue anyway?
You begin to radiate toxic energy.
The wyvern hisses angrily.
The wyvern is poisoned.
Unknown command.
The wyvern looks even sicker.
Your toxic aura wanes.
You can't see any susceptible monsters within range! (Use Z to cast anyway.)
Casting: Olgreb's Toxic Radiance (quite dangerous; 12% risk of failure)
Confirm with . or Enter, or press ? or * to list all spells.
The spell is quite dangerous to cast (12% risk of failure)!
Continue anyway?
You begin to radiate toxic energy.
The wyvern looks even sicker.
The wyvern hisses menacingly.
Unknown command.
Your toxic aura wanes.
The wyvern misses you. The wyvern bites you!
Ouch! That really hurt!
The wyvern bites you!
* * * LOW HITPOINT WARNING * * *
Okay, then.
It was a potion of mutation.
You feel extremely strange.
You feel clumsy. x2; A pair of antennae grows on your head!
The wyvern bites you.
You die...

.?.........##
...........#
###........##
###..###..##
#..# ##..##
#..# ##..##
##.# ##..##
#.# ##..###
#.# ##l@.##
##...# #...#
#..## #..#
#.## ###


You could see a wyvern (poisoned).

Vanquished Creatures
  A howler monkey (D:5)
  A hound (D:5)
  3 adders
  A worm (D:3)
  5 dart slugs
  3 orcs (D:3)
  3 ball pythons
  7 endoplasms
  4 giant cockroaches
  9 goblins
  5 hobgoblins
  4 quokkas
  7 bats
  3 frilled lizards (D:1)
  9 kobolds
  6 rats
71 creatures vanquished.

Notes
Turn   | Place    | Note
-------+----------+-------------------------------------------
     0 | D:1      | Doot the Octopode Venom Mage began the quest for the Orb.
     0 | D:1      | Reached XP level 1. HP: 11/11 MP: 3/3
   263 | D:1      | Reached skill level 4 in Poison Magic
   293 | D:1      | Reached XP level 2. HP: 17/17 MP: 1/5
   765 | D:1      | Found a faded altar of an unknown god.
   854 | D:1      | Reached XP level 3. HP: 21/21 MP: 3/6
  2268 | D:2      | Reached XP level 4. HP: 25/27 MP: 1/7
  3924 | D:3      | Found a hazy altar of Hepliaklqana.
  4198 | D:3      | Found a broken altar of Ashenzari.
  4308 | D:4      | Noticed a black bear
  4424 | D:4      | Noticed a phantom
  4459 | D:5      | Entered Level 5 of the Dungeon
  4487 | D:5      | Noticed a phantom
  4646 | D:5      | Reached skill level 5 in Poison Magic
  4646 | D:5      | Reached XP level 5. HP: 23/31 MP: 4/9
  4723 | D:5      | Learned a level 4 spell: Olgreb's Toxic Radiance
  4726 | D:5      | Learned a level 2 spell: Searing Ray
  5071 | D:5      | You fall into a shaft and drop 2 floors!
  5114 | D:7      | Noticed a wyvern
  5128 | D:7      | HP: 1/32 [wyvern (14)]
  5129 | D:7      | Gained mutation: You are clumsy. (Dex -2) [potion of
                  | mutation]
  5129 | D:7      | Gained mutation: You are very clumsy. (Dex -4) [potion of
                  | mutation]
  5129 | D:7      | Gained mutation: You have a pair of small antennae on your
                  | head. [potion of mutation]
  5129 | D:7      | Slain by a wyvern

Illustrated notes

Levels and vault maps discovered:
D:1:      onia_arrival_handbag, layout_basic,
          hellmonk_ecumenical_altar_prayer_group
D:2:      layout_loops_corners
D:3:      layout_basic, nzn_hepliaklqana_mist_gate,
          mainiacjoe_overflow_six_doors_small, chequers_decorated_corner
D:4:      layout_basic
D:5:      layout_loops_ring, overflow_temple_1_default
D:7:      layout_layer_cave, xom_shifter_show, jmf_multi_god_temple,
          minmay_misc_feat_tower, uniq_crazy_yiuf_cottage

Skill      XL: |  1  2  3  4  5 |
---------------+----------------+-----
Poison Magic   | 4 5 |  5.2
Transmutations | 2 3 |  3.0
Stealth        | 3 |  3.1
Spellcasting   | 3 |  3.0
Fighting       | |  0.3
Dodging        | |  2.2

Action                   |  1- 3 |  4- 6 || total
-------------------------+-------+-------++-------
Melee: Dagger            |     3 |     4 ||     7
       Constrict         |     2 |     3 ||     5
       Tentacles         |     1 |     2 ||     3
 Cast: Sting             |    74 |    66 ||   140
       Olgreb's Toxic Ra |       |     2 ||     2
  Use: Potion            |       |     1 ||     1
 Stab: Sleeping          |     1 |       ||     1
Armor: Skin              |     5 |     2 ||     7
Dodge: Dodged            |    24 |    25 ||    49
